 Dungeon Crawl Stone Soup version 0.26.0-10-g1f06aea511 (webtiles) character file.

Game seed: 1745578013039999796

11984 Borgoz the Carver (level 11, -9/97 HPs)
             Began as a Ghoul Gladiator on Jan 15, 2021.
             Was a Believer of Ashenzari.
             Mangled by a red ugly thing (18 damage)
             ... on level 12 of the Dungeon.
             The game lasted 00:26:00 (15048 turns).

Borgoz the Carver (Ghoul Gladiator)                Turns: 15048, Time: 00:26:00

Health: -9/97      AC: 11    Str: 19    XL:     11   Next: 86%
Magic:  0/10       EV: 13    Int:  7    God:    Ashenzari [**....]
Gold:   824        SH:  8    Dex: 22    Spells: 10/10 levels left

rFire    . . .     SeeInvis +   b - +0 long sword (flame)
rCold    + . .     Faith    .   p - +0 kite shield
rNeg     + + +     Spirit   +   J - +1 scale mail of Gaajun {-Cast rElec Int+4 Dex+9}
rPois    ∞         Reflect  .   c - +0 helmet
rElec    +         Harm     .   (no cloak)
rCorr    +         Rampage  .   I - +0 pair of gloves
Will     .....     NoCast   +   (no boots)
Stlth    ..........             l - amulet of guardian spirit
HPRegen  0.00/turn              a - ring of see invisible
MPRegen  0.12/turn              s - ring of resist corrosion

@: no status effects
A: claws 1, cold resistance 1, negative energy resistance 3, inhibited
regeneration, torment resistance, unbreathing
a: Renounce Religion, Curse Item, Scrying


You were on level 12 of the Dungeon.
You worshipped Ashenzari.
Ashenzari was pleased with you.
You visited 2 branches of the dungeon, and saw 13 of its levels.
You also visited: Sewer.

You collected 824 gold pieces.

Inventory:

Hand Weapons
 b - a +0 long sword of flaming (weapon)
 q - a +2 double sword of holy wrath
 A - a cursed +0 scimitar
 B - a cursed +1 great sword
 L - the +5 dagger "Ekinimoryi" {vorpal, Dex+2 Stlth+}
   (You found it on level 11 of the Dungeon)

   It inflicts extra damage upon your enemies.
   It affects your dexterity (+2).
   It makes you more stealthy.
Armour
 c - a +0 helmet (worn)
 n - a +4 chain mail of fire resistance
 p - a +0 kite shield (worn)
 I - a +0 pair of gloves (worn)
 J - the +1 scale mail of Gaajun (worn) {-Cast rElec Int+4 Dex+9}
   (You found it on level 11 of the Dungeon)

   It affects your intelligence (+4).
   It affects your dexterity (+9).
   It insulates you from electricity.
   It prevents spellcasting.
Jewellery
 a - a ring of see invisible (left hand)
 k - an uncursed amulet of reflection
 l - an amulet of guardian spirit (around neck)
 s - a ring of resist corrosion (right hand)
Wands
 e - a wand of digging (5)
 g - a wand of iceblast (25)
 h - a wand of flame (10)
 i - a wand of acid (14)
 F - a wand of disintegration (6)
Scrolls
 d - a scroll of identify
 f - 8 scrolls of remove curse
 j - 3 scrolls of blinking
 r - 4 scrolls of teleportation
 u - 2 scrolls of fog
 v - 3 scrolls of magic mapping
 D - a scroll of fear
 H - 3 scrolls of enchant armour
Potions
 m - a potion of haste
 o - a potion of resistance
 t - 7 potions of flight
 w - 2 potions of might
 x - a potion of cancellation
 z - 2 potions of magic
 E - 2 potions of ambrosia
 G - a potion of invisibility
 K - a potion of curing


   Skills:
 + Level 9.4 Fighting
 * Level 11.1 Long Blades
 - Level 1.7 Throwing
 + Level 7.5 Armour
 + Level 8.1 Dodging


You had 10 spell levels left.
You didn't know any spells.
Your spell library contained the following spells:

 Spells                   Type           Power        Failure   Level
 Animate Skeleton         Necr           0%           100%        1
 Apportation              Tloc           0%           100%        1
 Corona                   Hex            0%           100%        1
 Magic Dart               Conj           0%           100%        1
 Pain                     Necr           0%           100%        1
 Summon Small Mammal      Summ           0%           100%        1
 Call Imp                 Summ           0%           100%        2
 Searing Ray              Conj           0%           100%        2
 Call Canine Familiar     Summ           0%           100%        3
 Dazzling Flash           Conj/Hex       0%           100%        3
 Summon Guardian Golem    Hex/Summ       0%           100%        3
 Cause Fear               Hex            0%           100%        4
 Fulminant Prism          Conj/Hex       0%           100%        4
 Iskenderun's Mystic Bla  Conj/Tloc      0%           100%        4
 Summon Ice Beast         Ice/Summ       0%           100%        4
 Summon Lightning Spire   Summ/Air       0%           100%        4
 Silence                  Hex/Air        0%           100%        5
 Yara's Violent Unravell  Hex/Tmut       0%           100%        5
 Discord                  Hex            0%           100%        8


Dungeon Overview and Level Annotations

Branches:
Dungeon (12/15)            Temple (1/1) D:5            Lair (0/6) D:11
    Orc (0/2) D:10          Sewer (visited)

Altars:
Ashenzari
Cheibriados
Dithmenos
Elyvilon
Fedhas
Gozag
Hepliaklqana
Kikubaaqudgha
Makhleb
Nemelex Xobeh
Okawaru
Qazlal
Ru
Sif Muna
Trog
Uskayaw
Vehumet
Wu Jian
Xom
Yredelemnul
Zin
The Shining One

Shops:
D:2 *

Portals:
Trove: D:11 (give +4 ice dragon scales)


Innate Abilities, Weirdness & Mutations

You thrive by killing the living.
You are immune to poison.
You have sharp fingernails.
Your flesh is cold resistant. (rC+)
You are immune to negative energy. (rN+++)
You do not regenerate when monsters are visible.
You are immune to unholy pain and torment.
You can survive without breathing.


Message History

Aiming: Paralyse
Press: ? - help, Shift-Dir - straight line, f/p - red ugly thing
Aim: a red ugly thing (heavily wounded, chance to affect: 28%)
The red ugly thing easily resists.
The red ugly thing tail-slaps you but does no damage.
Evoke which item? (* to show all) (? for menu, Esc to quit)
Aiming: Paralyse
Press: ? - help, Shift-Dir - straight line, f/p - red ugly thing
Aim: a red ugly thing (heavily wounded, chance to affect: 28%)
The red ugly thing easily resists.
The red ugly thing tail-slaps you but does no damage.
Evoke which item? (* to show all) (? for menu, Esc to quit)
Aiming: Paralyse
Press: ? - help, Shift-Dir - straight line, f/p - red ugly thing
Aim: a red ugly thing (heavily wounded, chance to affect: 28%)
The red ugly thing easily resists.
The now-empty wand crumbles to dust.
The red ugly thing tail-slaps you.
* * * LOW HITPOINT WARNING * * *
You are engulfed in flames!!
You die...

#####.÷####.......... ,
....>..÷......^...... , ,
..................... ,
#####..##########..## ..# * *
#..# #..# ..# #..# #..# *.^#
#####..##########..# ..#
..........†........# *..#
..<.............@..# *..#
#########..######u.#####..#####
#..# #.........).... #..#
#.............., #..#
#..############ #..# #!.# #..#
#..# * #..# #..#


You could see a red ugly thing.

Vanquished Creatures
  A vault guard (D:11)
  3 two-headed ogres
  A manticore (D:12)
  The ghost of vatarom the Poker, a novice DsAK of Lugonu (D:5)
  2 komodo dragons (D:11)
  A merfolk (D:9)
  Sigmund (D:2)
  7 yaks
  2 wyverns
  Purgy (Sewer)
  A swamp drake (D:11)
  6 orc warriors
  A black bear (D:6)
  2 ice beasts
  2 phantoms
  2 ogres
  9 centaurs
  A necrophage (D:6)
  3 big kobolds
  7 bullfrogs
  Blork the orc (D:5)
  2 gnoll sergeants (D:5)
  9 killer bees (D:10)
  7 scorpions
  10 wights
  3 howler monkeys (D:11)
  A bullfrog zombie (D:8)
  A centaur zombie (D:6)
  2 bullfrog skeletons
  2 centaur skeletons
  3 jellies
  13 orc wizards
  6 hounds
  12 orc priests
  Jessica (D:2)
  2 gnoll shamans
  Ijyb (D:3)
  An iguana (D:10)
  8 worker ants
  A hound zombie (D:7)
  A hound skeleton (D:8)
  A howler monkey skeleton (D:11)
  15 gnolls
  14 adders
  A river rat (D:6)
  2 shadow imps
  A white imp (D:5)
  An ufetubus (D:8)
  2 adder skeletons (D:5)
  2 worms
  A dart slug (D:5)
  6 leopard geckos
  53 orcs
  10 ball pythons
  12 giant cockroaches
  5 goblins
  7 hobgoblins
  11 jackals
  6 quokkas
  3 bats
  6 frilled lizards
  13 kobolds
  A leopard gecko skeleton (D:4)
  3 quokka skeletons
  4 rats
321 creatures vanquished.

Notes
Turn   | Place    | Note
-------+----------+-------------------------------------------
     0 | D:1      | Borgoz the Ghoul Gladiator began the quest for the Orb.
     0 | D:1      | Reached XP level 1. HP: 17/17 MP: 0/0
   153 | D:1      | Reached XP level 2. HP: 18/25 MP: 1/1
   409 | D:1      | Reached skill level 3 in Long Blades
   778 | D:1      | Reached XP level 3. HP: 30/30 MP: 2/2
  1171 | D:2      | Noticed Sigmund
  1201 | D:2      | Killed Sigmund
  1202 | D:2      | Reached skill level 4 in Long Blades
  1202 | D:2      | Reached skill level 1 in Armour
  1202 | D:2      | Reached XP level 4. HP: 21/38 MP: 3/3
  1202 | D:2      | Reached XP level 5. HP: 24/45 MP: 4/4
  1432 | D:2      | Reached XP level 6. HP: 51/51 MP: 5/5
  1476 | D:2      | Noticed Jessica
  1481 | D:2      | Killed Jessica
  1868 | D:2      | Found Gozag's Platinum Reserve.
  1941 | D:2      | Found an opulent altar of Gozag.
  2006 | D:3      | Found a faded altar of an unknown god.
  2064 | D:3      | Noticed a water elemental
  2066 | D:3      | Found a stormy altar of Qazlal.
  2067 | D:3      | Noticed an air elemental
  2067 | D:3      | Noticed a fire elemental
  2301 | D:3      | HP: 2/52 [something (2)]
  2646 | D:3      | Noticed Ijyb
  2658 | D:3      | Killed Ijyb
  2863 | D:3      | Reached XP level 7. HP: 55/59 MP: 6/6
  2934 | D:3      | Reached skill level 5 in Long Blades
  3727 | D:4      | Found a bloodstained altar of Trog.
  3754 | D:4      | Found a shimmering blue altar of Sif Muna.
  3757 | D:4      | Identified Sif Muna's Papyrus of Sinister Translocation
  3889 | D:4      | Reached XP level 8. HP: 26/67 MP: 7/7
  4385 | D:4      | Reached skill level 5 in Fighting
  4385 | D:4      | Reached skill level 6 in Long Blades
  4656 | D:4      | Found a hazy altar of Hepliaklqana.
  4814 | D:5      | Entered Level 5 of the Dungeon
  4872 | D:5      | Found a runed translucent door.
  4882 | D:5      | Noticed vatarom's ghost (novice DsAK)
  5495 | D:5      | Found a staircase to the Ecumenical Temple.
  5622 | Temple   | Entered the Ecumenical Temple
  5795 | Temple   | Became a worshipper of Ashenzari the Shackled
  5862 | D:5      | Noticed Blork the orc
  5874 | D:5      | Reached skill level 5 in Dodging
  5893 | D:5      | Killed Blork the orc
  6148 | D:5      | Found a snail-covered altar of Cheibriados.
  6416 | D:5      | Reached skill level 7 in Long Blades
  6416 | D:5      | Reached XP level 9. HP: 69/75 MP: 8/8
  6439 | D:5      | Killed vatarom's ghost
  7106 | D:6      | Found a glowing drain.
  7115 | Sewer    | Entered a sewer
  7207 | Sewer    | Noticed Purgy
  7230 | Sewer    | Killed Purgy
  7740 | D:6      | Reached skill level 5 in Armour
  8178 | D:7      | Reached skill level 8 in Long Blades
  8260 | D:7      | Reached * piety under Ashenzari
  8357 | D:7      | Found an iron altar of Okawaru.
  8932 | D:8      | Noticed a two-headed ogre
  8942 | D:8      | Killed a two-headed ogre
  8943 | D:8      | Reached XP level 10. HP: 83/86 MP: 9/9
  9363 | D:9      | Reached skill level 9 in Long Blades
  9904 | D:9      | Found an ancient bone altar of Kikubaaqudgha.
 10545 | D:9      | Reached ** piety under Ashenzari
 10756 | D:10     | Entered Level 10 of the Dungeon
 11696 | D:11     | Reached XP level 11. HP: 78/95 MP: 10/10
 11709 | D:11     | Reached skill level 10 in Long Blades
 11761 | D:11     | Noticed a vault guard
 11776 | D:11     | Killed a vault guard
 11781 | D:11     | Found a portal to a secret trove of treasure.
 13026 | D:10     | Noticed a two-headed ogre
 13037 | D:10     | Killed a two-headed ogre
 13281 | D:10     | Found a staircase to the Orcish Mines.
 13986 | D:11     | Noticed a two-headed ogre
 13998 | D:11     | Killed a two-headed ogre
 14002 | D:11     | Got the uncursed scale mail of Gaajun {-Cast rElec Int+4
                  | Dex+9}
 14200 | D:11     | Identified the +1 scale mail of Gaajun {-Cast rElec Int+4
                  | Dex+9} (You found it on level 11 of the Dungeon)
 14310 | D:11     | Reached skill level 11 in Long Blades
 14370 | D:11     | Got the dagger "Ekinimoryi" {vorpal, Dex+2 Stlth+}
 14371 | D:11     | Identified the +5 dagger "Ekinimoryi" {vorpal, Dex+2
                  | Stlth+} (You found it on level 11 of the Dungeon)
 14430 | D:11     | Found a staircase to the Lair.
 14686 | D:12     | Noticed a manticore
 14712 | D:12     | Killed a manticore
 15017 | D:12     | Noticed a red ugly thing
 15048 | D:12     | Mangled by a red ugly thing

Illustrated notes

Levels and vault maps discovered:
D:1:      ncdulo_lavacross, layout_basic
D:2:      layout_loops_cross, nicolae_gozag_zags_fifth_avenue, uniq_jessica,
          uniq_sigmund
D:3:      layout_basic, nicolae_qazlal_style_of_elements,
          chequers_ecumenical_altar_island, hangedman_decor_push, uniq_ijyb
D:4:      layout_rooms, nzn_overflow_gifts_of_might_and_magic,
          lemuel_round_altar, glass_columns_b
D:5:      layout_cave_pods, kennysheep_slug_shrine, minmay_temple_entry_trees,
          ebering_ghost_sewer_d, sword_in_stone
D:6:      layout_basic, portal_sewer_entry_e
D:7:      layout_loops_ring, kennysheep_little_box
D:8:      layout_loops_ring
D:9:      layout_roguey, overflow_temple_1_default, hangedman_fish_farm
D:10:     layout_irregular_city, hiddenorc1_lemuel
D:11:     layout_basic, erik_lair_dragon, enter_trove_5,
          minmay_increasing_density
D:12:     layout_small_grid, hangedman_tell_no_tales, uniq_kirke
Temple:   zaba_magenta_temple

Skill      XL: |  1  2  3  4  5  6  7  8  9 10 11 |
---------------+----------------------------------+-----
Long Blades    | 3 4 5 7 8 9 11 | 11.1
Dodging        | 3 4 5 6 7 8 |  8.1
Fighting       | 3 4 5 7 8 9 |  9.4
Armour         | 1 2 3 4 5 6 7 |  7.5
Throwing       | |  1.7

Action                   |  1- 3 |  4- 6 |  7- 9 | 10-12 || total
-------------------------+-------+-------+-------+-------++-------
Melee: Long sword        |   101 |   173 |   450 |   674 ||  1398
Throw: Throwing net      |     3 |     2 |     1 |     3 ||     9
Evoke: Wand              |       |       |     9 |    10 ||    19
  Use: Scroll            |     1 |     3 |    13 |     5 ||    22
       Potion            |     3 |       |     8 |     1 ||    12
 Stab: Held in net/web   |     3 |       |     1 |       ||     4
       Invisible         |       |       |     3 |       ||     3
       Paralysed         |       |       |       |     2 ||     2
Armor: Leather armour    |    45 |    35 |       |       ||    80
       Scale mail        |       |     5 |   171 |    30 ||   206
       Chain mail        |       |       |    10 |   390 ||   400
Dodge: Dodged            |   100 |    84 |   277 |   290 ||   751
Block: Other             |       |    40 |   115 |       ||   155
       Reflection        |       |     1 |     5 |       ||     6
       Kite shield       |       |       |    21 |   297 ||   318
       Rpst.: Long sword |    27 |    30 |    84 |    91 ||   232
